 Dungeon Crawl Stone Soup version 0.32-a0-799-g95e1662365 (webtiles) character file.

Game seed: 1303907325511333234

2884 adelrune the Warmonger (level 9, -4/62 HPs)
             Began as a Demonspawn Gladiator on Mar 21, 2024.
             Was a High Priest of Okawaru.
             Slain by a slime creature (15 damage)
             ... on level 7 of the Dungeon.
             The game lasted 00:16:46 (5368 turns).

adelrune the Warmonger (Demonspawn Gladiator)       Turns: 5368, Time: 00:16:47

Health: -4/62      AC:  9    Str: 19    XL:     9   Next: 48%
Magic:  14/15      EV:  6    Int:  8    God:    Okawaru [*****.]
Gold:   289        SH: 11    Dex: 15    Spells: 8/8 levels left

rFire   . . .        s - +9 staff of Olgreb {rPois∞}
rCold   . . .        G - +2 kite shield
rNeg    + . .        g - +0 chain mail
rPois   ∞            (helmet restricted)
rElec   .            r - +0 cloak
rCorr   .            (no gloves)
SInv    .            (no boots)
Will    .....        (no amulet) Stlth
                     p - ring of flight
HPRegen 0.30/turn    y - ring of positive energy
MPRegen 0.28/turn

%: no passive effects
@: flying
A: horns 2, powered by death 1, magic regeneration
a: Renounce Religion, Evoke the Staff of Olgreb, Heroism, Finesse, Duel


You were on level 7 of the Dungeon.
You worshipped Okawaru.
Okawaru was extremely pleased with you.
You visited 1 branch of the dungeon, and saw 7 of its levels.

You collected 289 gold pieces.

Inventory:

Hand Weapons
 a - a +0 war axe
 s - the +9 staff of Olgreb (weapon) {rPois∞}
   (You found it on level 2 of the Dungeon)

   Radiate:   It can be activated via the 'a'bility menu to radiate toxic
   energy, with effectiveness depending on Evocations skill.
   Alch:      It enhances your alchemy magic.
   rPois∞: It grants immunity to poison.
Missiles
 d - 4 throwing nets (quivered)
 e - a javelin
 f - 4 curare-tipped darts
Armour
 g - a +0 chain mail (worn)
 r - a +0 cloak (worn)
 v - +0 ice dragon scales
 G - a +2 kite shield (worn)
Jewellery
 p - a ring of flight (left hand)
 y - a ring of positive energy (right hand)
 D - a ring of poison resistance
Wands
 n - a wand of polymorph (13)
 C - a wand of paralysis (3)
 H - a wand of flame (18)
Scrolls
 i - 4 scrolls of identify {unknown}
 m - 6 scrolls of fear {unknown}
 t - a scroll of enchant weapon {unknown}
 u - a scroll of revelation {unknown}
 w - 5 scrolls of teleportation {unknown}
 B - a scroll of silence {unknown}
 F - a scroll of blinking {unknown}
 I - a scroll of poison {unknown}
 J - 2 scrolls of noise {unknown}
Potions
 h - 2 potions of invisibility {unknown}
 j - 3 potions of haste {unknown}
 k - 2 potions of attraction {unknown}
 l - 4 potions of degeneration {unknown}
 o - a potion of berserk rage {unknown}
 q - 3 potions of enlightenment {unknown}
 x - 2 potions of brilliance {unknown}
 z - 6 potions of curing {unknown}
 A - 2 potions of mutation {unknown}
 E - a potion of ambrosia {unknown}


   Skills:
 - Level 2.6 Fighting
 - Level 3.5 Axes
 * Level 8.1 Staves
 - Level 1.7 Throwing
 - Level 1.2 Armour
 - Level 2.6 Dodging
 + Level 3.5 Shields
 + Level 8.6 Invocations
 - Level 4.0 Evocations


You had 8 spell levels left.
You didn't know any spells.
Your spell library contained the following spells:

 Spells                   Type           Power      Damage    Failure   Level
 Slow                     Hex            0%         N/A       100%        1
 Sting                    Conj/Alch      0%         1d3       100%        1
 Ensorcelled Hibernation  Hex/Ice        0%         N/A       100%        2
 Mercury Vapours          Alch/Air       0%         N/A       100%        2
 Confusing Touch          Hex            0%         N/A       100%        3
 Passwall                 Erth           0%         N/A       100%        3
 Swiftness                Air            0%         N/A       100%        3
 Vampiric Draining        Necr           0%         2d6       100%        3
 Volatile Blastmotes      Fire/Tloc      0%         2d10      100%        3
 Fulminant Prism          Conj/Alch      0%         3d5       100%        4
 Iskenderun's Mystic Bla  Conj/Tloc      0%         2d3       100%        4
 Olgreb's Toxic Radiance  Alch           0%         N/A       100%        4
 Ozocubu's Refrigeration  Ice            0%         4d7       100%        7
 Polar Vortex             Ice            0%         N/A       100%        9
 Sculpt Simulacrum        Ice/Alch       Unusable   N/A       N/A         6

Dungeon Overview and Level Annotations

Branches:
Dungeon (7/15)             Temple (0/1) D:7

Altars:
Dithmenos
Gozag
Hepliaklqana
Kikubaaqudgha
Makhleb
Nemelex Xobeh
Okawaru
Ru
Sif Muna
Wu Jian
Xom
Yredelemnul

Annotations:
D:5 2 runed translucent doors, zenocrate's ghost, amateur OpEE


Innate Abilities, Weirdness & Mutations

You have a pair of horns on your head.
You regenerate a little health from kills.
You regenerate magic rapidly.


Message History

A slime creature comes into view.
You begin to radiate toxic energy.
The slime creature quivers.
Your toxic aura wanes.
You block the slime creature's attack.
Things that are here:
+0 steam dragon scales; a steam dragon corpse You sock the slime creature!
You envenom the slime creature.
The slime creature is poisoned.
The slime creature is moderately wounded.
The slime creature hits you but does no damage.
You completely miss the slime creature.
Your headbutt misses the slime creature.
The slime creature is lightly wounded.
You block the slime creature's attack.
You sock the slime creature!
Your headbutt misses the slime creature.
The slime creature is moderately wounded.
The slime creature hits you!
You sock the slime creature!
The slime creature is heavily wounded.
The slime creature hits you!
You barely miss the slime creature. You headbutt the slime creature.
The slime creature is heavily wounded.
The slime creature hits you!
You are too injured to fight recklessly!
You sock the slime creature!
The slime creature is severely wounded.
The slime creature hits you.
You barely miss the slime creature.
The slime creature is severely wounded.
The slime creature looks more healthy.
You block the slime creature's attack.
You hit the slime creature.
You envenom the slime creature.
The slime creature is poisoned.
The slime creature is almost dead.
The slime creature hits you!
* * * LOW HITPOINT WARNING * * *
The slime creature attacks as it pursues you!
The slime creature hits you!
You die...

#< #. #. ## #. #. #.
#.# ##..# #. #.)## #.#
##...# #.
#..####.####..#.#####
##..@J.ß.............
##..####.####..#.#####
#..###.#.#.###...#
#.###.##.##.###..#
#....###.###†....#
##...##...##...#.#
##..#..#..#..##.# #
#....###....##.#####
#.#### #..#.........


You could see a slime creature (poisoned).

Vanquished Creatures
  Pikel (D:5)
  A steam dragon (D:7)
  2 vampire mosquitoes (D:7)
  2 water moccasins
  2 sky beasts (D:7)
  An orc warrior (D:7)
  An ice beast (D:6)
  2 ogres (D:5)
  3 lemures (D:5)
  A bullfrog (D:7)
  3 scorpions
  4 killer bees (D:7)
  A howler monkey (D:7)
  3 crimson imps (D:3)
  A hound (D:6)
  2 jellies
  2 orc priests
  Crazy Yiuf (D:7)
  2 sleepcaps
  2 gnoll boudas
  3 iguanas
  5 orc wizards
  10 adders
  6 gnolls
  2 white imps
  2 dart slugs
  3 ribbon worms (D:2)
  15 orcs
  5 bats
  7 endoplasms
  3 giant cockroaches
  8 goblins
  4 hobgoblins
  6 kobolds
  3 quokkas
  4 ball pythons
  6 frilled lizards
  5 rats
134 creatures vanquished.

Notes
Turn   | Place    | Note
-------+----------+-------------------------------------------
     0 | D:1      | adelrune the Demonspawn Gladiator began the quest for the
                  | Orb.
     0 | D:1      | Reached XP level 1. HP: 16/16 MP: 1/1
   141 | D:1      | Gained mutation: You regenerate a little health from kills.
                  | [demonic ancestry]
   141 | D:1      | Reached XP level 2. HP: 17/22 MP: 2/2
   532 | D:2      | Reached skill level 1 in Armour
   532 | D:2      | Reached XP level 3. HP: 25/28 MP: 3/3
   532 | D:2      | Found a faded altar of an unknown god.
   547 | D:2      | Prayed at the altar of an unknown god.
   547 | D:2      | Became a worshipper of Warmaster Okawaru
   547 | D:2      | Reached * piety under Okawaru
   731 | D:2      | Found the +9 staff of Olgreb {rPois∞}
   904 | D:2      | Reached XP level 4. HP: 30/34 MP: 4/4
  1167 | D:3      | Reached skill level 1 in Invocations
  1167 | D:3      | Reached skill level 1 in Evocations
  1172 | D:3      | Reached skill level 1 in Staves
  1336 | D:3      | Found a shimmering altar of Xom.
  1446 | D:3      | Gained mutation: You regenerate magic rapidly. [demonic
                  | ancestry]
  1446 | D:3      | Reached XP level 5. HP: 37/39 MP: 3/6
  1710 | D:4      | Found a shimmering blue altar of Sif Muna.
  1808 | D:4      | Gained mutation: You have a pair of small horns on your
                  | head. [demonic ancestry]
  1808 | D:4      | Reached XP level 6. HP: 39/46 MP: 5/8
  2091 | D:5      | Entered Level 5 of the Dungeon
  2148 | D:5      | Found a runed translucent door.
  2192 | D:5      | Reached ** piety under Okawaru
  2361 | D:5      | Reached XP level 7. HP: 51/51 MP: 1/9
  2439 | D:5      | Found an ancient bone altar of Kikubaaqudgha.
  2858 | D:5      | Found an ornate altar of the Wu Jian Council.
  2861 | D:5      | Found a runed translucent door.
  2861 | D:5      | Found an opulent altar of Gozag.
  2862 | D:5      | Noticed zenocrate's ghost (amateur OpEE)
  2866 | D:5      | Found a sacrificial altar of Ru.
  3313 | D:5      | Found a sparkling altar of Nemelex Xobeh.
  3360 | D:5      | Noticed Pikel
  3382 | D:5      | Killed Pikel
  3382 | D:5      | Reached *** piety under Okawaru
  3383 | D:5      | Reached skill level 5 in Staves
  3383 | D:5      | Gained mutation: You have a pair of horns on your head.
                  | [demonic ancestry]
  3383 | D:5      | Reached XP level 8. HP: 57/57 MP: 3/12
  3776 | D:6      | Reached skill level 1 in Shields
  4218 | D:6      | Found a shadowy altar of Dithmenos.
  4510 | D:7      | Reached **** piety under Okawaru
  4537 | D:7      | Found a staircase to the Ecumenical Temple.
  4655 | D:7      | Reached XP level 9. HP: 62/62 MP: 7/14
  4977 | D:7      | Found a runed translucent door.
  4977 | D:7      | Noticed Crazy Yiuf
  4984 | D:7      | Killed Crazy Yiuf
  5011 | D:7      | Found a basalt altar of Yredelemnul.
  5014 | D:7      | Found a burning altar of Makhleb.
  5021 | D:7      | Found a hazy altar of Hepliaklqana.
  5276 | D:7      | Reached ***** piety under Okawaru
  5368 | D:7      | Slain by a slime creature

Illustrated notes

Levels and vault maps discovered:
D:1:      dpeg_arrival_fog, layout_rooms, bh_walls_and_bars
D:2:      layout_basic, basic_ecumenical_altar, minmay_misc_feat_rugged
D:3:      layout_rooms, led_xom_imps, serial_bayou_lagoon_a
D:4:      layout_rooms, nicolae_sif_muna_condensation
D:5:      layout_layer_cave, kiku_gazebo_garden_becter,
          nemelex_diamond_rough_becter, grunt_temple_overflow_open,
          ebering_ghost_sewer_f, uniq_pikel
D:6:      layout_basic, mainiacjoe_overflow_concentric_impassable
D:7:      layout_loops_ring, nicolae_overflow_hidden_temple,
          overflow_temple_1_default, temple_statues, minmay_liquid_box,
          kb_rosetta, uniq_crazy_yiuf_cottage

Skill      XL: |  1  2  3  4  5  6  7  8  9 |
---------------+----------------------------+-----
Axes           | 3 |  3.5
Armour         | 1 |  1.2
Invocations    | 2 3 6 7 8 |  8.6
Evocations     | 1 2 3 4 |  4.0
Staves         | 1 2 3 5 7 8 |  8.1
Shields        | 2 3 |  3.5
Fighting       | |  2.6
Throwing       | |  1.7
Dodging        | |  2.6

Action                     |  1- 3 |  4- 6 |  7- 9 || total
---------------------------+-------+-------+-------++-------
  Melee: War axe           |    69 |       |       ||    69
         Staff             |     6 |    67 |   104 ||   177
         Headbutt          |       |     1 |    19 ||    20
 Invoke: Heroism           |       |     1 |       ||     1
Ability: Evoke the Staff o |       |    20 |    52 ||    72
 Armour: Chain mail        |    64 |    42 |    70 ||   176
         Leather armour    |     8 |       |       ||     8
         Skin              |       |     1 |       ||     1
  Dodge: Dodged            |    43 |    23 |    14 ||    80
  Block: Kite shield       |       |       |    33 ||    33

Table legend: (Time is in decaauts)
 A = Elapsed time spent in this place.
 B = Non-inter-level travel time spent in this place.
 C = Inter-level travel time spent in this place.
 D = Time resting spent in this place.
 E = Time spent auto-exploring this place.
 F = Levels seen in this place.
 G = Mean time per level.
                   A        B        C        D        E       F      G
               +--------+--------+--------+--------+--------+-----+--------+
         Total |   5395 |   5292 |    103 |    463 |   3895 |   7 |  770.7 |
       Dungeon |   5395 |   5292 |    103 |    463 |   3895 |   7 |  770.7 |
               +--------+--------+--------+--------+--------+-----+--------+

Top non-repeatable levels by time:
     D:5: 1486 daAuts
     D:6: 925 daAuts
     D:7: 864 daAuts
     D:3: 630 daAuts
     D:4: 544 daAuts
     D:2: 492 daAuts
     D:1: 452 daAuts
